AoeStats
← TheKingThorag

Golden Pit

508841414Analyzed
1v1 RM · 8d ago on Sep 24, 2026· 48m 37s· 2 players
Game mode
Random Map
Map size
Tiny (2 player)
Population
200
Speed
Normal
Resources
Standard
Victory
Conquest
Starting age
Dark Age
Ending age
Imperial Age
RankedLock teamsTeams togetherTeam positionsShared explorationLock speedFull tech treeHidden civsTurbo modeCheats
Victory
Defeat
🇩🇪 Magyars · Germany
1273
+15
🇦🇷 Bulgarians · Argentina
1249
-15
Konradiniert
7:08 Loom
9:21 Feudal Age
9:58 Double-Bit Axe
10:42 Gold Mining
13:42 Forging
16:08 Scale Mail Armor
21:03 Stone Mining
22:19 Scale Barding Armor
27:05 Castle Age
25:35 Bloodlines
26:19 Fletching
33:52 Gold Shaft Mining
33:52 Stone Shaft Mining
39:17 Chain Barding Armor
40:16 Iron Casting
42:19 Wheelbarrow
45:42 Imperial Age
43:41 Bow Saw
44:21 Elite Skirmisher
45:18 Bodkin Arrow
45:23 Padded Archer Armor
46:40 Hand Cart
47:41 Blast Furnace
47:16 Plate Barding Armor
46:57 Chain Mail Armor
47:04 Bracer
47:29 Husbandry
48:21 Conscription
TheKingThorag
6:15 Loom
9:04 Feudal Age
12:32 Double-Bit Axe
13:51 Wheelbarrow
15:06 Horse Collar
20:43 Fletching
24:31 Castle Age
23:56 Gold Mining
24:23 Bloodlines
24:23 Scale Barding Armor
24:36 Elite Skirmisher
25:12 Bodkin Arrow
25:45 Heavy Plow
25:57 Bow Saw
27:22 Light Cavalry
28:06 Town Watch
32:18 Padded Archer Armor
33:38 Stone Mining
39:15 Imperial Age
38:06 Husbandry
39:04 Thumb Ring
39:21 Ballistics
42:28 Chemistry
41:34 Murder Holes
42:06 Hand Cart
43:55 Recurve Bow
44:08 Heavy Cavalry Archer
45:53 Parthian Tactics
46:29 Bracer
46:30 Padded Archer Armor
47:38 Corvinian Army
48:05 Leather Archer Armor
Connection lost

Rejoining the realm…

Still unreachable

The connection could not be restored.

Session expired

The server has moved on; the page needs a fresh start.